 Dungeon Crawl Stone Soup version 0.29-a0-378-gc08b2e8bf8 (console) character file.

Game seed: 12305984571459491302

1207 erylia the Skirmisher (level 8, 0/67 HPs)
             Began as a Human Wanderer on May 4, 2022.
             Was a Follower of Nemelex Xobeh.
             Slain by an ice beast (5 damage)
             ... on level 6 of the Dungeon.
             The game lasted 00:13:07 (8618 turns).

erylia the Skirmisher (Human Wanderer)              Turns: 8618, Time: 00:13:08

Health: 0/67       AC:  3    Str: 12    XL:     8   Next: 73%
Magic:  14/20      EV: 11    Int: 21    God:    Nemelex Xobeh [*.....]
Gold:   1243       SH:  5    Dex: 13    Spells: 9/9 levels left

rFire   . . .      SeeInvis .   m - +3 war axe "Pueffal" {freeze, MP+9}
rCold   . . .      Faith    .   (no shield)
rNeg    . . .      Spirit   .   d - +0 robe
rPois   .          Reflect  +   u - +0 helmet
rElec   .          Harm     .   (no cloak)
rCorr   .          Rampage  .   (no gloves)
Will    +....                   (no boots)
Stlth   ++........              g - amulet of reflection
HPRegen 0.21/turn               f - ring of willpower
MPRegen 0.17/turn               x - +6 ring of intelligence

@: no status effects
A: no striking features
a: Renounce Religion, Draw Escape, Draw Destruction, Draw Summoning


You were on level 6 of the Dungeon.
You worshipped Nemelex Xobeh.
Nemelex Xobeh was aware of your devotion.
You visited 2 branches of the dungeon, and saw 7 of its levels.

You collected 1243 gold pieces.

Inventory:

Hand Weapons
 j - a +2 short sword of venom
 m - the +3 war axe "Pueffal" (weapon) {freeze, MP+9}
   (You found it on level 5 of the Dungeon)

   It freezes those it strikes, dealing additional cold damage.
   It can also slow down cold-blooded creatures.
   MP:        It affects your magic capacity (+9).
Missiles
 b - 8 boomerangs
 r - 8 poisoned darts (quivered)
Armour
 d - a +0 robe (worn)
 u - a +0 helmet (worn)
Jewellery
 f - a ring of willpower (left hand)
 g - an amulet of reflection (around neck)
 v - an amulet of guardian spirit
 x - a +6 ring of intelligence (right hand)
 y - an amulet of the acrobat
Wands
 q - a wand of digging (5)
Scrolls
 c - 5 scrolls of vulnerability
 e - 2 scrolls of poison {unknown}
 h - 2 scrolls of identify
 i - a scroll of silence {unknown}
 w - 2 scrolls of fog
Potions
 a - a potion of cancellation {unknown}
 k - a potion of curing
 l - a potion of haste {unknown}
 n - a potion of heal wounds
 o - 4 potions of mutation {unknown}
 p - a potion of attraction {unknown}
 s - 2 potions of degeneration {unknown}
 t - a potion of brilliance {unknown}


   Skills:
 - Level 7.0 Fighting
 * Level 5.1 Axes
 - Level 4.0 Throwing
 - Level 1.0 Stealth
 - Level 1.0 Spellcasting
 - Level 1.0 Hexes
 - Level 2.0 Translocations
 + Level 4.6 Invocations


You had 9 spell levels left.
You didn't know any spells.
Your spell library contained the following spells:

 Spells                   Type           Power      Damage    Failure   Level
 Apportation              Tloc           18%        N/A       7%          1
 Slow                     Hex            20%        N/A       11%         1
 Gell's Gravitas          Tloc           9%         N/A       22%         3
 Portal Projectile        Hex/Tloc       14%        N/A       26%         3
 Confusing Touch          Hex            5%         N/A       32%         3
 Call Canine Familiar     Summ           1%         N/A       43%         3
 Ozocubu's Armour         Ice            1%         N/A       43%         3
 Iskenderun's Mystic Bla  Conj/Tloc      5%         2d3       71%         4
 Fulminant Prism          Conj/Hex       1%         3d6       78%         4
 Leda's Liquefaction      Hex/Erth       1%         N/A       78%         4
 Metabolic Englaciation   Hex/Ice        1%         N/A       98%         5
 Lee's Rapid Deconstruct  Erth           0%         3d5*      99%         5
 Simulacrum               Ice/Necr       0%         N/A       100%        6


Dungeon Overview and Level Annotations

Branches:
Dungeon (6/15)             Temple (1/1) D:4

Altars:
Ashenzari
Cheibriados
Dithmenos
Elyvilon
Fedhas
Gozag
Hepliaklqana
Kikubaaqudgha
Makhleb
Nemelex Xobeh
Okawaru
Qazlal
Sif Muna
Trog
Uskayaw
Vehumet
Yredelemnul
Zin
The Shining One

Annotations:
D:2 1 runed translucent door, Crazy Yiuf
D:4 Pikel
D:6 2 transporters, exclusion: ogre, jlumianski's ghost, novice DsFi


Message History

The ice beast is moderately wounded.
The ice beast hits you. The ice beast freezes you.
You closely miss the ice beast.
The ice beast is moderately wounded.
The ice beast hits you but does no damage.
The ice beast barely misses you.
You hit the ice beast.
The ice beast is moderately wounded.
The ice beast closely misses you.
You hit the ice beast but do no damage.
The ice beast is moderately wounded.
The ice beast closely misses you.
You completely miss the ice beast.
The ice beast is moderately wounded.
You block the ice beast's attack.
You hit the ice beast.
The ice beast is moderately wounded.
You block the ice beast's attack. The ice beast hits you.
The ice beast freezes you.
* * * LOW HITPOINT WARNING * * *
You slash the ice beast!
The ice beast is severely wounded.
The ice beast closely misses you.
You hit the ice beast but do no damage.
The ice beast is severely wounded.
The ice beast hits you but does no damage.
You hit the ice beast.
The ice beast is severely wounded.
The ice beast hits you.
* * * LOW HITPOINT WARNING * * *
The ice beast freezes you!
* * * LOW HITPOINT WARNING * * *
The ice beast closely misses you.
You barely miss the ice beast.
The ice beast is severely wounded.
The ice beast hits you.
* * * LOW HITPOINT WARNING * * *
The ice beast freezes you.
You die...
Your body disappears without a glow.

#.'...8.(
#.#♣...#. #.# .#
#.# #.# #.# #†#
#Y# ### #@#
######.##### #.#
##........... #.#
#............ #.#
#...######### #.#
#..##.....55# #.#
#..#8.##.##58 #.#
#..#..##.##.O
#.####..#[........
#......©#W...©....


You could see an ice beast.

Vanquished Creatures
  A water moccasin (D:6)
  A sky beast (D:5)
  An ice beast (D:6)
  2 ogres
  A centaur (D:5)
  3 lemures
  2 necrophages
  2 scorpions
  A howler monkey (D:5)
  2 hounds (D:6)
  A jelly (D:4)
  3 iguanas
  7 gnolls
  6 adders
  An ufetubus (D:6)
  3 adder skeletons (D:3)
  An adder zombie (D:3)
  2 worms (D:2)
  2 dart slugs
  9 orcs
  9 ball pythons
  5 bats
  10 endoplasms
  A giant cockroach (D:2)
  5 goblins
  4 hobgoblins
  8 kobolds
  5 quokkas
  A ball python zombie (D:3)
  4 frilled lizards
  2 rats (D:1)
105 creatures vanquished.

Vanquished Creatures (others)
  6 plants (D:6)
6 creatures vanquished.

Grand Total: 111 creatures vanquished

Notes
Turn   | Place    | Note
-------+----------+-------------------------------------------
     0 | D:1      | erylia the Human Wanderer began the quest for the Orb.
     0 | D:1      | erylia set off with the following items: a +0 dagger, 9
                  | boomerangs, a scroll of vulnerability, a +0 robe; and the
                  | following spells available to memorise: Apportation, Slow,
                  | Gell's Gravitas, Portal Projectile, Confusing Touch
     0 | D:1      | Reached XP level 1. HP: 13/13 MP: 2/2
   570 | D:1      | Reached skill level 1 in Fighting
   576 | D:1      | Reached XP level 2. HP: 16/21 MP: 3/3
   832 | D:1      | Reached skill level 2 in Fighting
  1378 | D:2      | Reached XP level 3. HP: 15/28 MP: 4/4
  1665 | D:2      | Found a hide-covered altar of Uskayaw.
  1883 | D:2      | Reached skill level 3 in Fighting
  1950 | D:2      | Reached XP level 4. HP: 20/35 MP: 5/5
  2181 | D:2      | Found a runed translucent door.
  2182 | D:2      | Noticed Crazy Yiuf
  2288 | D:3      | Identified 2 scrolls of acquirement
  2288 | D:3      | Acquired 992 gold pieces
  2292 | D:3      | Acquired an amulet of reflection
  2330 | D:3      | Found an iron altar of Okawaru.
  2659 | D:3      | Found a faded altar of an unknown god.
  2809 | D:3      | Reached skill level 4 in Fighting
  3059 | D:3      | Reached XP level 5. HP: 42/42 MP: 6/6
  3506 | D:4      | Reached skill level 5 in Fighting
  3552 | D:4      | Noticed an ice beast
  3674 | D:4      | Noticed Pikel
  3674 | D:4      | Noticed a lemure
  3701 | D:4      | Noticed a lemure
  3735 | D:3      | Killed a lemure
  3918 | D:3      | Reached XP level 6. HP: 36/51 MP: 7/7
  4247 | D:4      | Noticed an ogre
  4273 | D:4      | Killed an ogre
  4274 | D:4      | Reached skill level 6 in Fighting
  4722 | D:3      | Reached XP level 7. HP: 49/54 MP: 8/8
  5084 | D:4      | Found a staircase to the Ecumenical Temple.
  5093 | Temple   | Entered the Ecumenical Temple
  5248 | Temple   | Became a worshipper of Nemelex Xobeh the Trickster
  5288 | D:4      | Noticed a water moccasin
  5911 | D:5      | Entered Level 5 of the Dungeon
  6288 | D:5      | Reached skill level 7 in Fighting
  6405 | D:5      | Reached * piety under Nemelex Xobeh
  6532 | D:5      | Found a broken altar of Ashenzari.
  6556 | D:5      | Identified the +3 war axe "Pueffal" {freeze, MP+9}
  6711 | D:5      | Reached skill level 1 in Axes
  7085 | D:4      | Reached XP level 8. HP: 62/67 MP: 10/10
  7466 | D:6      | Noticed a manticore
  7470 | D:6      | Noticed jlumianski's ghost (novice DsFi)
  7484 | D:6      | Found a transporter.
  7487 | D:6      | Found a transporter.
  8207 | D:6      | Received a gift from Nemelex Xobeh
  8248 | D:6      | Found an opulent altar of Gozag.
  8257 | D:6      | Identified the +4 trident "Kose" {elec, rPois}
  8282 | D:6      | Reached skill level 5 in Axes
  8618 | D:6      | Slain by an ice beast

Illustrated notes

Levels and vault maps discovered:
D:1:      heliophobic_arrival_glass_houses, layout_basic, minmay_tromino_i2
D:2:      layout_loops_cross, basic_altar, uniq_crazy_yiuf_cottage
D:3:      layout_basic, okawaru_gym_becter, nicolae_ecumenical_oubliette,
          serial_undead, serial_undead_d, serial_undead_f, serial_undead_d,
          serial_undead_a
D:4:      layout_cave_pods, minmay_temple_entry_proselytizer, serial_park,
          serial_park_avenue1, serial_park_tiny_2, serial_park_avenue1,
          serial_park_tiny_1, serial_park_gazebo [serial_park_minivault_5x5_2],
          lightli_corner_chamber, uniq_pikel
D:5:      layout_gridville, kennysheep_little_box
D:6:      layout_rooms, mainiacjoe_overflow_alcove_4, gammafunk_ghost_arena,
          kennysheep_generic_room_2
Temple:   nicolae_temple_elliptical

Skill      XL: |  1  2  3  4  5  6  7  8 |
---------------+-------------------------+-----
Fighting       | 1 2 3 4 5 6 7 |  7.0
Invocations    | 3 4 |  4.6
Axes           | 2 5 |  5.1
Throwing       | |  4.0
Stealth        | |  1.0
Spellcasting   | |  1.0
Hexes          | |  1.0
Translocations | |  2.0

Action                   |  1- 3 |  4- 6 |  7- 9 || total
-------------------------+-------+-------+-------++-------
Melee: Dagger            |    14 |       |       ||    14
       Short sword       |    45 |   146 |   102 ||   293
       Punch             |       |     1 |     1 ||     2
       War axe           |       |       |    40 ||    40
Throw: Boomerang         |    12 |     8 |       ||    20
       Dart              |       |     9 |    12 ||    21
Invok: Draw Destruction  |       |       |     1 ||     1
  Use: Scroll            |       |     2 |     6 ||     8
       Potion            |       |       |     2 ||     2
 Stab: Sleeping          |     3 |     1 |     1 ||     5
Armor: Robe              |     7 |    24 |    29 ||    60
Dodge: Dodged            |    20 |    72 |    72 ||   164
Block: Other             |       |    27 |    36 ||    63
       Reflection        |       |     2 |     1 ||     3

Table legend: (Time is in decaauts)
 A = Elapsed time spent in this place.
 B = Non-inter-level travel time spent in this place.
 C = Inter-level travel time spent in this place.
 D = Time resting spent in this place.
 E = Time spent auto-exploring this place.
 F = Levels seen in this place.
 G = Mean time per level.
                   A        B        C        D        E       F      G
               +--------+--------+--------+--------+--------+-----+--------+
         Total |   8666 |   8274 |    392 |   3462 |   3323 |   7 | 1238.0 |
       Dungeon |   8503 |   8135 |    368 |   3462 |   3202 |   6 | 1417.2 |
        Temple |    162 |    138 |     24 |      0 |    121 |   1 |  162.0 |
               +--------+--------+--------+--------+--------+-----+--------+

Top non-repeatable levels by time:
     D:3: 1819 daAuts
     D:4: 1699 daAuts
     D:5: 1440 daAuts
     D:1: 1245 daAuts
     D:2: 1158 daAuts
     D:6: 1140 daAuts
  Temple: 162 daAuts
